 Dungeon Crawl Stone Soup version 0.23.2-40-g277498a001 (webtiles) character file.

Game seed: 2453489119843585606

439 Glamhuggeren the Changer (level 7, 57/57 HPs)
             Began as a Naga Transmuter on Oct 1, 2019.
             Quit the game on level 4 of the Dungeon.
             The game lasted 00:19:40 (5259 turns).

Glamhuggeren the Changer (Naga Transmuter)          Turns: 5259, Time: 00:19:41

Health: 57/57      AC: 12    Str: 12    XL:     7   Next: 1%
Magic:  12/12      EV:  9    Int: 18    God:
Gold:   27         SH:  0    Dex: 14    Spells: 3/12 levels left

rFire    + . .     SeeInvis +   f - +3 dagger (drain)
rCold    . . .     Gourm    .   (no shield)
rNeg     . . .     Faith    .   u - +4 ring mail of Existentialism {rF+ Int+5}
rPois    +         Spirit   .   q - +2 helmet
rElec    .         Reflect  .   (no cloak)
rCorr    .         Harm     .   h - +0 pair of gloves
MR       .....                  (no barding)
Stlth    ++........             (no amulet)
HPRegen  0.19/turn              j - ring of poison resistance
MPRegen  0.13/turn              (no ring)

@: very slow
A: large, see invisible, deformed body, poison resistance, slowness 2, slow
metabolism 1, spit poison 1, AC +2
a: Spit Poison


You were on level 4 of the Dungeon.
You were not hungry.

You visited 1 branch of the dungeon, and saw 4 of its levels.

You collected 225 gold pieces.
You spent 198 gold pieces at shops.

Inventory:

Hand Weapons
 f - a +3 dagger of draining (weapon)
 o - a +0 hunting sling
 r - a +0 blowgun
Missiles
 a - 29 arrows
 g - 177 stones (quivered)
 k - 18 poisoned needles
Armour
 b - a +0 robe
 h - a +0 pair of gloves (worn)
 q - a +2 helmet (worn)
 s - a +0 leather armour
 u - the +4 ring mail of Existentialism (worn) {rF+ Int+5}
   (You bought it in a shop on level 4 of the Dungeon)

   It affects your intelligence (+5).
   It protects you from fire.
Jewellery
 j - a ring of poison resistance (left hand)
Scrolls
 e - 3 scrolls of identify
 i - a scroll of enchant weapon
 l - 7 scrolls of teleportation
 m - a scroll of blinking
 t - a scroll of noise {unknown}
Potions
 c - a potion of lignification
 n - a potion of brilliance
 v - 2 potions of haste
Comestibles
 d - 3 rations
 p - a chunk of flesh


   Skills:
 - Level 1.0 Fighting
 + Level 0.0 Armour
 - Level 2.0 Dodging
 + Level 2.9 Stealth
 - Level 3.0 Unarmed Combat
 + Level 3.3 Spellcasting
 * Level 4.7 Transmutations
 * Level 4.7 Poison Magic


You had 3 spell levels left.
You knew the following spells:

 Your Spells              Type           Power        Failure   Level  Hunger
a - Beastly Appendage     Tmut           ###...       5%          1    None
b - Spider Form           Tmut/Pois      ###.......   16%         3    ###....
c - Blade Hands           Tmut           ###.......   82%         5    ######.

Your spell library contained the following spells:

 Spells                   Type           Power        Failure   Level  Hunger
 Sticks to Snakes         Tmut           ###.....     8%          2    ##.....
 Ice Form                 Ice/Tmut       ##......     80%         4    ####...


Dungeon Overview and Level Annotations

Branches:
Dungeon (4/15)
 Temple: D:4-7

Altars:
Fedhas
Hepliaklqana

Shops:
D:4 [


Innate Abilities, Weirdness & Mutations

You cannot wear boots.
Your serpentine skin is tough. (AC +2)
You have supernaturally acute eyesight. (SInv)
Armour fits poorly on your strangely shaped body.
Your system is resistant to poisons. (rPois)
You cover ground very slowly.
You have a slow metabolism.
You can spit poison.


Message History

Items here: ( ) [ รท a +0 short sword; 5 tomahawks; a +0 chain mail; an orc skeleton You now have 220 gold pieces (gained 13).
Some of the chunks of flesh in your inventory have rotted away.
HP restored.
Some of the chunks of flesh in your inventory have rotted away.
e - 3 scrolls of identify (gained 1)
Found a stone staircase leading down.
You now have 225 gold pieces (gained 5).
Some of the chunks of flesh in your inventory have rotted away.
There is an entrance to Kyaquw's Antique Armour Shop here.
u - a smoking ring mail Thank you for shopping at Kyaquw's Antique Armour Shop!
Wear which item? (? for menu, Esc to quit)
You start removing your armour.
You continue taking off your +0 robe. x4
You finish taking off your +0 robe.
You start putting on your armour.
You continue putting on your smoking ring mail. x5
You finish putting on the +4 ring mail of Existentialism {rF+ Int+5}.
Are you sure you want to abandon this character and quit the game? (Confirm with "yes".)

##.#.# #.## #.#
#.......###...#
##<#.####..# #.#
#.###..#.#.##.##
...........# #.#
#.#....##.#.#.#.
...#.#####.#
#.###.#.#.##........ ####.#
#.###.........###.##+##. #
. ###.........#.### #. #
#...........###.# ### +. #
. #.#######.#.###.# ... #.
# .###.# #..@..#.#
#.#.##+##. # #<..
##.#.#.#.# #......... #
#..# ##......#.###.#.#)#.#.
# #..#
#.................<..#
###..#
#................###.#
.....#######.......#.######
#.# .....##).).).........#
#.# ####.....##)..##..####
#.# #.##..#..P.....# #.#


There were no monsters in sight!

Vanquished Creatures
  An ogre (D:3)
  A crimson imp (D:3)
  An orc priest (D:3)
  A hound (D:4)
  An iguana (D:3)
  A worker ant (D:4)
  Robin (D:4)
  A hound skeleton (D:4)
  5 adders
  2 gnolls (D:1)
  4 oozes
  An adder skeleton (D:4)
  A worm (D:3)
  3 dart slugs
  2 leopard geckos
  4 orcs
  2 ball pythons (D:3)
  4 bats
  A giant cockroach (D:2)
  12 hobgoblins
  4 jackals (D:1)
  2 quokkas
  3 frilled lizards
  21 goblins
  12 kobolds
  8 rats
  2 plants
101 creatures vanquished.

Notes
Turn   | Place    | Note
-------+----------+-------------------------------------------
     0 | D:1      | Glamhuggeren the Naga Transmuter began the quest for the
                  | Orb.
     0 | D:1      | Reached XP level 1. HP: 18/18 MP: 3/3
   422 | D:1      | Reached XP level 2. HP: 22/25 MP: 5/5
  1025 | D:1      | Reached XP level 3. HP: 31/31 MP: 6/6
  1142 | D:1      | Learned a level 3 spell: Spider Form
  1498 | D:1      | Reached skill level 1 in Poison Magic
  2257 | D:2      | Reached XP level 4. HP: 37/38 MP: 7/7
  2877 | D:2      | Found a blossoming altar of Fedhas.
  3435 | D:3      | Reached XP level 5. HP: 20/44 MP: 9/9
  3800 | D:3      | Noticed an ogre
  3809 | D:3      | Killed an ogre
  3809 | D:3      | Reached skill level 1 in Stealth
  3809 | D:3      | Reached XP level 6. HP: 41/51 MP: 10/10
  3874 | D:3      | Learned a level 5 spell: Blade Hands
  4510 | D:3      | Found a hazy altar of Hepliaklqana.
  4801 | D:4      | Found Kyaquw's Antique Armour Shop.
  4968 | D:4      | Noticed Robin
  5023 | D:4      | Killed Robin
  5023 | D:4      | Reached XP level 7. HP: 31/57 MP: 12/12
  5249 | D:4      | Bought a smoking ring mail for 198 gold pieces
  5259 | D:4      | Identified the +4 ring mail of Existentialism {rF+ Int+5}
                  | (You bought it in a shop on level 4 of the Dungeon)
  5259 | D:4      | Quit the game

Skill      XL: |  1  2  3  4  5  6 |
---------------+-------------------+-----
Dodging        | 2 |  2.0
Transmutations | 3 4 |  4.7
Poison Magic   | 1 2 3 4 |  4.7
Stealth        | 1 2 |  2.9
Spellcasting   | 3 |  3.3
Fighting       | |  1.0
Unarmed Combat | |  3.0

Action                   |  1- 3 |  4- 6 |  7- 9 || total
-------------------------+-------+-------+-------++-------
Melee: Unarmed           |    14 |    21 |       ||    35
       Dagger            |   174 |   368 |     7 ||   549
       Headbutt          |     2 |     4 |       ||     6
       Punch             |     3 |     7 |       ||    10
       Club              |       |     9 |       ||     9
 Fire: Blowgun           |       |     8 |       ||     8
       Hunting sling     |       |     3 |       ||     3
Throw: Stone             |       |    14 |       ||    14
 Cast: Beastly Appendage |     5 |     2 |       ||     7
       Spider Form       |       |     2 |       ||     2
 Abil: Spit Poison       |     1 |     1 |       ||     2
  Use: Scroll            |       |     5 |       ||     5
       Potion            |       |     4 |       ||     4
 Stab: Sleeping          |     1 |     2 |       ||     3
  Eat: Chunk             |     1 |     7 |     1 ||     9
       Ration            |     1 |       |       ||     1
Armor: Robe              |    19 |    72 |     3 ||    94
       Skin              |       |    21 |     3 ||    24
Dodge: Dodged            |    54 |   135 |     1 ||   190
